[Event "42nd Olympiad Baku 2016 Open"]
[Site "Baku"]
[Date "2016.09.06"]
[Round "5.1"]
[White "Tagelsir, Abubaker"]
[Black "Hasford, John Kojo"]
[Result "0-1"]
[ECO "B07"]
[WhiteElo "2216"]
[BlackElo "1970"]
[Annotator ""]
[PlyCount "88"]
[EventDate "2016.??.??"]
[EventType "team-tourn"]
[EventCountry "AZE"]
[SourceTitle "playchess.com"]
[Source "ChessBase"]
[WhiteTeam "Sudan"]
[BlackTeam "Ghana"]
[WhiteTeamCountry "SUD"]
[BlackTeamCountry "GHA"]
[TimeControl "40/5400+30:1800+30"]

1. e4 {(00:00)} d6 {(00:00)} 2. d4 {(00:01)} Nf6 {(
00:00)} 3. Nc3 {(00:05)} g6 {(00:40)} 4. Bg5 {(00:30)} Bg7
{(00:13)} 5. f4 {(00:32)} O-O {(00:50)} 6. Nf3 {(
01:45)} d5 {(06:09)} 7. Bxf6 {(06:22)} Bxf6 {(00:10)} 8.
Nxd5 {(00:18)} Bg7 {(00:13)} 9. c3 {(01:12)} Nd7 {(
03:21)} 10. Ne3 {(06:38)} c5 {(01:46)} 11. d5 {(00:34)}
Nf6 {(02:37)} 12. e5 {(02:37)} Ng4 {(01:11)} 13. Nxg4 {
(02:43)} Bxg4 {(00:06)} 14. g3 {(01:11)} Qb6 {(00:
56)} 15. b3 {(01:47)} c4 {(01:44)} 16. Be2 {(02:14)} Bxf3
{(01:38)} 17. Bxf3 {(00:03)} Qe3+ {(00:20)} 18. Kf1 {
(00:02)} f6 {(03:03)} 19. Kg2 {(08:35)} fxe5 {(00:
47)} 20. Re1 {(00:54)} Qxc3 {(00:58)} 21. Rc1 {(03:03)}
Qa5 {(02:47)} 22. bxc4 {(01:25)} Qxa2+ {(01:39)} 23. Qc2 {
(02:31)} Qa3 {(04:13)} 24. Ra1 {(06:54)} Qc5 {(00:
28)} 25. fxe5 {(04:04)} Rf5 {(01:34)} 26. Be4 {(07:12)}
Rxe5 {(03:34)} 27. Rab1 {(01:18)} Rb8 {(04:28)} 28. Qd3 {
(02:07)} a6 {(01:25)} 29. Rec1 {(02:57)} Rh5 {(06:
33)} 30. Rc2 {(02:49)} b6 {(01:19)} 31. Rd1 {(02:52)} Rf8
{(01:01)} 32. Re2 {(04:06)} Kh8 {(01:32)} 33. Rdd2 {
(00:53)} a5 {(03:41)} 34. Rf2 {(04:22)} Rxf2+ {(00:
36)} 35. Rxf2 {(00:03)} Rxh2+ {(00:11)} 36. Kxh2 {(00:07)}
Qxf2+ {(00:44)} 37. Kh3 {(00:33)} Be5 {(02:36)} 38. c5 {
(20:42)} bxc5 {(00:18)} 39. Qf3 {(00:06)} Qxf3 {(
00:28)} 40. Bxf3 {(00:00)} a4 {(00:00)} 41. Be2 {(04:01)}
a3 {(00:43)} 42. Bc4 {(00:04)} Kg7 {(00:13)} 43. Kg4 {
(01:17)} Kf6 {(00:25)} 44. Kf3 {(00:24)} h5 {(00:
07)} 0-1

[Event "42nd Olympiad Baku 2016 Open"]
[Site "Baku"]
[Date "2016.09.06"]
[Round "5.32"]
[White "Talbi, Chafik"]
[Black "Thorsteinsson, Sjurdur"]
[Result "0-1"]
[ECO "A48"]
[WhiteElo "2184"]
[BlackElo "2187"]
[Annotator ""]
[PlyCount "116"]
[EventDate "2016.??.??"]
[EventType "team-tourn"]
[EventCountry "AZE"]
[SourceTitle "playchess.com"]
[Source "ChessBase"]
[WhiteTeam "Algeria"]
[BlackTeam "Faroe Islands"]
[WhiteTeamCountry "ALG"]
[BlackTeamCountry "FAI"]
[TimeControl "40/5400+30:1800+30"]

1. d4 {(00:00)} Nf6 {(00:14)} 2. Nf3 {(00:00)} g6 {
(00:54)} 3. Bf4 {(00:10)} d6 {(01:24)} 4. e3 {(00:
55)} Bg7 {(00:36)} 5. h3 {(00:16)} O-O {(02:39)} 6. Be2 {
(00:09)} b6 {(00:54)} 7. O-O {(01:11)} Bb7 {(01:14]
} 8. c4 {(00:16)} Nbd7 {(02:34)} 9. Nc3 {(00:17)} Ne4 {
(07:26)} 10. Nxe4 {(01:24)} Bxe4 {(00:03)} 11. Nd2 {
(00:06)} Bb7 {(01:04)} 12. Bf3 {(00:09)} Bxf3 {(05:
36)} 13. Nxf3 {(00:10)} e5 {(09:57)} 14. Bh2 {(00:33)} Qe7
{(01:50)} 15. Qa4 {(03:34)} e4 {(16:00)} 16. Nd2 {(
00:11)} f5 {(01:09)} 17. Qc6 {(10:36)} Nf6 {(06:57)} 18.
Nb1 {(02:06)} Rad8 {(05:37)} 19. Nc3 {(00:21)} Rf7 {
(03:24)} 20. b4 {(05:40)} Qd7 {(06:22)} 21. Qxd7 {(
22:35)} Rfxd7 {(01:10)} 22. Rab1 {(01:52)} c6 {(03:46)}
23. Rfc1 {(01:51)} Bf8 {(00:39)} 24. Kf1 {(03:15)} Kf7 {
(01:52)} 25. Ke2 {(00:45)} Ke6 {(00:38)} 26. Rc2 {(
02:30)} Rc8 {(03:49)} 27. a4 {(05:47)} Rb7 {(01:43)} 28.
Ra2 {(04:45)} a6 {(04:00)} 29. Kd2 {(04:05)} h5 {(
00:41)} 30. Bf4 {(00:33)} Be7 {(00:11)} 31. Rc2 {(10:57)}
d5 {(04:23)} 32. c5 {(00:31)} Nd7 {(00:29)} 33. Rcc1 {
(01:47)} Ra7 {(00:57)} 34. Ke2 {(11:33)} a5 {(01:
00)} 35. cxb6 {(00:21)} Nxb6 {(00:40)} 36. b5 {(00:36)} c5
{(01:29)} 37. Be5 {(02:54)} Nc4 {(03:09)} 38. b6 {(
03:01)} Rb7 {(00:11)} 39. Bc7 {(00:04)} cxd4 {(00:49)} 40.
exd4 {(00:00)} Bb4 {(00:00)} 41. Nb5 {(03:55)} Kd7 {
(05:33)} 42. Rxc4 {(01:53)} dxc4 {(00:39)} 43. Rc1 {
(06:48)} c3 {(01:18)} 44. Kd1 {(01:43)} Ke6 {(03:
25)} 45. Kc2 {(00:38)} Kd5 {(00:48)} 46. Kb3 {(02:09)} f4
{(07:36)} 47. Re1 {(11:49)} g5 {(05:11)} 48. Kc2 {(
02:33)} Re8 {(05:55)} 49. Re2 {(02:55)} Re6 {(00:46)} 50.
h4 {(00:17)} gxh4 {(02:31)} 51. Bxf4 {(01:19)} Rexb6 {
(01:02)} 52. Nc7+ {(01:07)} Rxc7 {(00:06)} 53. Bxc7 {
(00:03)} Rg6 {(00:25)} 54. f3 {(00:36)} exf3 {(00:
27)} 55. gxf3 {(00:07)} h3 {(01:15)} 56. Re5+ {(01:04)}
Kc4 {(01:25)} 57. Bxa5 {(01:03)} Rg2+ {(00:12)} 58. Kc1 {
(00:35)} Ba3+ {(00:13)} 0-1

[Event "42nd Olympiad Baku 2016 Open"]
[Site "Baku"]
[Date "2016.09.06"]
[Round "5.33"]
[White "Tamra, Attallah"]
[Black "Rossini, Paul"]
[Result "1-0"]
[ECO "A04"]
[WhiteElo "2087"]
[BlackElo "1692"]
[Annotator ""]
[PlyCount "99"]
[EventDate "2016.??.??"]
[EventType "team-tourn"]
[EventCountry "AZE"]
[SourceTitle "playchess.com"]
[Source "ChessBase"]
[WhiteTeam "Palestine"]
[BlackTeam "San Marino"]
[WhiteTeamCountry "PLE"]
[BlackTeamCountry "SMR"]
[TimeControl "40/5400+30:1800+30"]

1. Nf3 {(00:00)} g6 {(00:00)} 2. d4 {(00:00)} Bg7 {
(00:00)} 3. c4 {(00:00)} Nf6 {(00:01)} 4. Nc3 {(00:
15)} d5 {(00:58)} 5. g3 {(01:38)} O-O {(00:38)} 6. cxd5 {
(00:46)} Nxd5 {(00:25)} 7. Bg2 {(00:15)} Nxc3 {(01:
18)} 8. bxc3 {(00:08)} c6 {(02:26)} 9. O-O {(00:26)} Be6 {
(02:57)} 10. Qd3 {(05:16)} Nd7 {(03:02)} 11. Ng5 {(
00:30)} Nb6 {(03:06)} 12. Nxe6 {(00:13)} fxe6 {(00:06)}
13. Bh3 {(02:12)} Qd6 {(04:04)} 14. f4 {(05:15)} Rad8 {
(02:16)} 15. a4 {(01:59)} Qd7 {(12:12)} 16. Qe4 {(
03:56)} Rf6 {(03:48)} 17. g4 {(11:18)} Qd5 {(03:18)} 18.
Qd3 {(00:15)} c5 {(20:36)} 19. a5 {(02:58)} Nc8 {(
00:50)} 20. e4 {(06:41)} Qc6 {(00:59)} 21. Be3 {(03:14)}
c4 {(04:07)} 22. Qc2 {(01:34)} Rdf8 {(02:47)} 23. Rab1 {
(00:53)} R6f7 {(00:51)} 24. e5 {(01:48)} b6 {(00:
51)} 25. Bg2 {(00:25)} Qc7 {(00:11)} 26. d5 {(00:44)} Rd8
{(02:11)} 27. Rfd1 {(03:40)} Rff8 {(00:23)} 28. h4 {
(01:56)} bxa5 {(01:15)} 29. d6 {(01:02)} Nxd6 {(02:
12)} 30. exd6 {(00:23)} Rxd6 {(00:26)} 31. Rb7 {(02:59)}
Qc8 {(04:09)} 32. Rxd6 {(03:20)} exd6 {(01:15)} 33. Rxa7 {
(00:04)} e5 {(00:52)} 34. f5 {(02:10)} gxf5 {(00:
39)} 35. gxf5 {(00:06)} Qxf5 {(03:44)} 36. Bd5+ {(00:33)}
Kh8 {(00:21)} 37. Qxf5 {(01:02)} Rxf5 {(00:16)} 38. Ra8+ {
(00:11)} Rf8 {(00:06)} 39. Rxa5 {(00:16)} Rc8 {(01:
34)} 40. Ra4 {(00:00)} e4 {(00:00)} 41. Bd2 {(03:50)} Be5
{(03:48)} 42. Bxe4 {(00:45)} Rg8+ {(00:39)} 43. Kf1 {
(00:36)} Rf8+ {(00:16)} 44. Ke2 Rc8 {(01:15)} 45. Ra7 {
(01:13)} Bg7 {(00:48)} 46. Bd5 {(00:27)} Re8+ {(00:
28)} 47. Kd1 {(00:10)} Bf6 {(02:09)} 48. h5 {(00:06)} Re5
{(00:38)} 49. Ra8+ {(00:18)} Kg7 {(00:10)} 50. Rg8# {
(00:18)} 1-0

[Event "42nd Olympiad Baku 2016 Open"]
[Site "Baku"]
[Date "2016.09.06"]
[Round "5.7"]
[White "Tari, Aryan"]
[Black "Capone, Nicola"]
[Result "1/2-1/2"]
[ECO "C18"]
[WhiteElo "2570"]
[BlackElo "2373"]
[Annotator ""]
[PlyCount "76"]
[EventDate "2016.??.??"]
[EventType "team-tourn"]
[EventCountry "AZE"]
[SourceTitle "playchess.com"]
[Source "ChessBase"]
[WhiteTeam "Norway"]
[BlackTeam "Belgium"]
[WhiteTeamCountry "NOR"]
[BlackTeamCountry "BEL"]
[TimeControl "40/5400+30:1800+30"]

1. e4 {(00:00)} e6 {(00:00)} 2. d4 {(00:00)} d5 {(
00:00)} 3. Nc3 {(00:00)} Bb4 {(00:00)} 4. e5 {(00:00)} Ne7
{(00:03)} 5. a3 {(00:04)} Bxc3+ {(00:05)} 6. bxc3 {
(00:05)} c5 {(00:08)} 7. Qg4 {(00:07)} Qc7 {(00:30]
} 8. Bd3 {(00:32)} cxd4 {(00:14)} 9. Ne2 {(00:12)} dxc3 {
(00:05)} 10. Qxg7 {(00:35)} Rg8 {(00:06)} 11. Qxh7 {
(00:09)} Qxe5 {(00:06)} 12. h4 {(00:40)} Nd7 {(00:
04)} 13. Bf4 {(01:13)} Qf6 {(00:05)} 14. Bg5 {(00:40)} Qg7
{(00:05)} 15. Qxg7 {(01:47)} Rxg7 {(00:06)} 16. Nxc3 {
(01:39)} a6 {(01:11)} 17. O-O-O {(15:19)} f6 {(00:
17)} 18. Bf4 {(00:22)} Nc5 {(11:45)} 19. Bf1 {(10:35)} Bd7
{(05:06)} 20. h5 {(06:06)} Rc8 {(00:59)} 21. Be3 {(
14:11)} Nf5 {(12:59)} 22. Bxc5 {(08:26)} Rxc5 {(00:06)}
23. Kb2 {(00:17)} Nh6 {(03:20)} 24. g3 {(08:14)} Bc6 {
(19:05)} 25. Bd3 {(03:49)} d4 {(15:46)} 26. Ne4 {(
01:04)} Bxe4 {(00:05)} 27. Bxe4 {(00:03)} f5 {(02:00)} 28.
Bf3 {(02:00)} e5 {(15:53)} 29. Rhe1 {(07:31)} Rd7 {
(00:10)} 30. Rd2 {(01:46)} Ke7 {(02:14)} 31. Be2 {(
01:11)} b5 {(05:59)} 32. Red1 {(03:42)} Rcd5 {(00:24)} 33.
c3 {(01:14)} Nf7 {(06:29)} 34. f4 {(03:59)} dxc3+ {
(00:40)} 35. Kxc3 {(00:02)} Rxd2 {(00:23)} 36. Rxd2 {
(00:01)} Rxd2 {(00:11)} 37. Kxd2 {(00:01)} exf4 {(
00:06)} 38. gxf4 {(00:06)} Kd6 {(00:08)} 1/2-1/2

[Event "42nd Olympiad Baku 2016 Open"]
[Site "Baku"]
[Date "2016.09.06"]
[Round "5.19"]
[White "Teklay Teshager"]
[Black "Sohib, Okla"]
[Result "0-1"]
[ECO "D35"]
[WhiteElo "1868"]
[BlackElo "2153"]
[Annotator ""]
[PlyCount "114"]
[EventDate "2016.??.??"]
[EventType "team-tourn"]
[EventCountry "AZE"]
[SourceTitle "playchess.com"]
[Source "ChessBase"]
[WhiteTeam "Ethiopia"]
[BlackTeam "Syria"]
[WhiteTeamCountry "ETH"]
[BlackTeamCountry "SYR"]
[TimeControl "40/5400+30:1800+30"]

1. d4 {(00:00)} d5 {(00:11)} 2. c4 {(00:07)} e6 {(
00:35)} 3. Nc3 {(01:00)} Nf6 {(00:10)} 4. cxd5 {(01:29)}
exd5 {(00:10)} 5. Bg5 {(00:24)} Nbd7 {(00:20)} 6. e3 {
(00:31)} c6 {(00:11)} 7. Bd3 {(01:14)} Be7 {(00:42]
} 8. Qc2 {(00:38)} Nh5 {(00:41)} 9. Bxe7 Qxe7 10. Nf3 {(
03:34)} g6 {(01:12)} 11. O-O-O {(05:52)} Nb6 {(01:53)} 12.
a3 {(03:11)} Be6 {(00:46)} 13. Kb1 O-O-O {(01:07)} 14. Rc1
{(03:47)} Kb8 {(02:14)} 15. h3 {(02:27)} Ng7 {(00:
52)} 16. g4 {(01:29)} h5 {(01:00)} 17. Ne5 {(01:01)} Nd7 {
(06:39)} 18. Nxd7+ {(12:45)} Bxd7 {(04:32)} 19. Qe2 {
(03:16)} hxg4 {(10:13)} 20. hxg4 {(00:25)} Qg5 {(
00:56)} 21. f3 {(05:55)} Rde8 {(04:40)} 22. e4 {(09:06)}
Rxh1 {(27:31)} 23. Rxh1 {(00:10)} Qf4 {(00:28)} 24. Qh2 {
(04:18)} Qxh2 {(02:41)} 25. Rxh2 {(03:27)} Ne6 {(
02:14)} 26. exd5 {(11:25)} Nxd4 {(01:21)} 27. Rh7 {(04:20]
} Nxf3 {(03:58)} 28. Rxf7 {(06:01)} Ne5 {(01:13)} 29. Rg7
{(00:58)} Bxg4 {(00:52)} 30. Be4 {(02:32)} cxd5 {(
05:45)} 31. Bxd5 {(01:55)} Bf5+ {(01:12)} 32. Ka2 {(00:41]
} Bd7 {(05:50)} 33. Ne4 {(01:12)} Bc6 {(03:09)} 34. Bxc6 {
(00:29)} bxc6 {(00:10)} 35. Nd6 {(00:33)} Rd8 {(00:
18)} 36. Ne4 {(03:35)} Rd7 {(00:52)} 37. Rg8+ {(00:22)}
Kc7 {(00:17)} 38. Kb3 {(00:20)} Rd4 {(01:12)} 39. Rg7+ {
(00:39)} Kb6 {(02:40)} 40. Ng5 {(00:00)} Rg4 {(00:
00)} 41. Ne6 {(01:39)} a5 {(03:29)} 42. Kc3 {(01:27)} a4 {
(01:11)} 43. Rg8 {(00:56)} Rc4+ {(03:08)} 44. Kd2 {
(00:53)} c5 {(05:50)} 45. Re8 {(08:00)} Kc6 {(07:
02)} 46. Ng5 {(07:39)} Kd6 {(05:52)} 47. Ke3 {(01:48)}
Ng4+ {(04:20)} 48. Kf3 {(05:39)} Kd5 {(02:03)} 49. Rd8+ {
(06:42)} Ke5 {(01:35)} 50. Nf7+ {(03:12)} Ke6 {(01:
11)} 51. Ng5+ {(01:10)} Kf5 {(06:21)} 52. Rd5+ {(00:38)}
Ne5+ {(01:05)} 53. Kg3 {(01:35)} Rg4+ {(00:13)} 54. Kh3 {
(01:16)} Rxg5 {(00:14)} 55. Rxc5 {(00:04)} Kf4 {(
00:28)} 56. Ra5 {(00:15)} Rg3+ {(00:35)} 57. Kh2 {(00:10)}
Nf3+ {(00:18)} 0-1

[Event "42nd Olympiad Baku 2016 Open"]
[Site "Baku"]
[Date "2016.09.06"]
[Round "5.35"]
[White "Theocharous, Stelios"]
[Black "Nitzborn, Max Baron"]
[Result "1/2-1/2"]
[ECO "B38"]
[WhiteElo "2065"]
[BlackElo "1970"]
[Annotator ""]
[PlyCount "71"]
[EventDate "2016.??.??"]
[EventType "team-tourn"]
[EventCountry "AZE"]
[SourceTitle "playchess.com"]
[Source "ChessBase"]
[WhiteTeam "Cyprus"]
[BlackTeam "Namibia"]
[WhiteTeamCountry "CYP"]
[BlackTeamCountry "NAM"]
[TimeControl "40/5400+30:1800+30"]

1. e4 {(00:00)} c5 {(00:00)} 2. Nf3 {(00:00)} Nc6 {
(00:00)} 3. d4 {(00:00)} cxd4 {(00:00)} 4. Nxd4 {(
00:00)} g6 {(00:00)} 5. c4 {(00:12)} Bg7 {(00:00)} 6. Be3
{(00:11)} Nf6 {(00:28)} 7. Nc3 {(00:04)} d6 {(02:
48)} 8. Be2 {(00:58)} O-O {(01:54)} 9. O-O {(00:16)} Bd7 {
(00:30)} 10. f3 {(08:28)} Nxd4 {(00:19)} 11. Bxd4 {
(00:10)} Bc6 {(00:04)} 12. Nd5 {(11:30)} Bxd5 {(18:
03)} 13. exd5 {(00:09)} a5 {(06:02)} 14. f4 {(12:59)} Qc7
{(09:29)} 15. Re1 {(04:10)} Rfe8 {(01:29)} 16. Qd3 {
(10:00)} Nd7 {(04:22)} 17. Bxg7 {(00:53)} Kxg7 {(
00:04)} 18. Qd4+ {(00:16)} Kg8 {(01:28)} 19. Bd3 {(01:10)}
Qc5 {(00:04)} 20. Qxc5 {(01:23)} Nxc5 {(00:02)} 21. Bc2 {
(04:02)} a4 {(04:58)} 22. b4 {(06:26)} axb3 {(02:
25)} 23. axb3 {(00:05)} Kf8 {(00:17)} 24. b4 {(08:21)} Na6
{(01:53)} 25. Ra4 {(01:20)} Rec8 {(01:17)} 26. Bd3 {
(00:40)} Nc7 {(03:30)} 27. Rea1 {(04:11)} b6 {(00:
04)} 28. Kf2 {(02:17)} Rxa4 {(06:14)} 29. Rxa4 {(00:09)}
Ra8 {(00:00)} 30. Rxa8+ {(02:22)} Nxa8 {(00:01)} 31. Ke3 {
(02:49)} Nc7 {(00:01)} 32. Kd4 {(00:32)} Na6 {(00:
17)} 33. Kc3 {(01:56)} Nc7 {(00:11)} 34. Kd4 {(02:35)} Na6
{(00:07)} 35. Kc3 {(00:31)} Nc7 {(00:01)} 36. Kd4 {
(04:50)} 1/2-1/2

[Event "42nd Olympiad Baku 2016 Open"]
[Site "Baku"]
[Date "2016.09.06"]
[Round "5.4"]
[White "Thompson, Edward Nii Lamptey"]
[Black "Hassan Abubaker abdalmalik Al"]
[Result "0-1"]
[ECO "E17"]
[WhiteElo "1889"]
[BlackElo "2167"]
[Annotator ""]
[PlyCount "84"]
[EventDate "2016.??.??"]
[EventType "team-tourn"]
[EventCountry "AZE"]
[SourceTitle "playchess.com"]
[Source "ChessBase"]
[WhiteTeam "Ghana"]
[BlackTeam "Sudan"]
[WhiteTeamCountry "GHA"]
[BlackTeamCountry "SUD"]
[TimeControl "40/5400+30:1800+30"]

1. d4 {(00:00)} Nf6 {(00:11)} 2. Nf3 {(00:00)} e6 {
(00:42)} 3. c4 {(00:02)} b6 {(00:42)} 4. g3 {(00:
46)} Bb7 {(00:13)} 5. Bg2 {(00:01)} Be7 {(00:14)} 6. O-O {
(00:07)} d6 {(01:02)} 7. Nc3 {(00:06)} Ne4 {(00:47]
} 8. Qb3 {(00:49)} Nd7 {(00:44)} 9. Be3 {(02:29)} O-O 10.
Nxe4 {(02:29)} Bxe4 {(01:56)} 11. Nd2 {(00:36)} Bxg2 {
(00:26)} 12. Kxg2 {(00:03)} f5 {(01:34)} 13. Nf3 {(
03:56)} h6 {(01:18)} 14. Rac1 {(01:52)} Nf6 {(06:46)} 15.
Rc2 {(01:26)} Qe8 {(00:32)} 16. Rfc1 {(19:01)} Qh5 {
(01:35)} 17. h3 {(09:00)} Kh8 {(08:56)} 18. h4 {(
04:10)} Kg8 {(05:56)} 19. a3 {(02:52)} a5 {(05:22)} 20. c5
{(03:54)} Nd5 {(03:09)} 21. cxb6 {(00:06)} cxb6 {(
01:32)} 22. Bd2 {(00:09)} f4 {(01:10)} 23. Qd3 {(04:26)}
Rae8 {(07:59)} 24. Rh1 {(01:54)} Rf6 {(03:35)} 25. Qe4 {
(04:22)} Ref8 {(01:53)} 26. Rc6 {(04:28)} Rg6 {(02:
57)} 27. Rcc1 {(01:44)} Rff6 {(03:57)} 28. Rc8+ {(00:44)}
Bf8 {(00:16)} 29. Rh3 {(05:51)} Rg4 {(00:21)} 30. Qd3 {
(01:21)} Ne7 {(08:57)} 31. Rb8 {(05:27)} Nd5 {(01:
44)} 32. Rc8 {(00:18)} Qf7 {(00:53)} 33. Nh2 {(00:31)}
Rgg6 {(02:34)} 34. h5 {(01:49)} Rg5 {(00:21)} 35. g4 {
(00:24)} Qb7 {(01:05)} 36. Rxf8+ {(01:45)} Rxf8 {(
00:43)} 37. Rf3 {(01:49)} Ne7 {(02:48)} 38. Kh3 {(00:54)}
e5 {(01:11)} 39. dxe5 {(00:53)} dxe5 {(00:06)} 40. e3 {
(00:00)} e4 {(00:00)} 41. Qb3+ {(02:31)} Qd5 {(02:
09)} 42. exf4 {(03:10)} exf3 {(00:51)} 0-1

[Event "42nd Olympiad Baku 2016 Open"]
[Site "Baku"]
[Date "2016.09.06"]
[Round "5.4"]
[White "Thorfinnsson, Bragi"]
[Black "Jezov, Roman"]
[Result "1-0"]
[ECO "B40"]
[WhiteElo "2430"]
[BlackElo "2283"]
[Annotator ""]
[PlyCount "81"]
[EventDate "2016.??.??"]
[EventType "team-tourn"]
[EventCountry "AZE"]
[SourceTitle "playchess.com"]
[Source "ChessBase"]
[WhiteTeam "Iceland"]
[BlackTeam "Estonia"]
[WhiteTeamCountry "ISL"]
[BlackTeamCountry "EST"]
[TimeControl "40/5400+30:1800+30"]

1. e4 {(00:00)} c5 {(00:00)} 2. Nf3 {(00:00)} e6 {(
00:11)} 3. b3 {(00:09)} d6 {(07:29)} 4. Bb2 {(02:14)} Nf6
{(00:21)} 5. e5 {(00:30)} dxe5 {(00:34)} 6. Nxe5 {(
00:10)} Nbd7 {(01:30)} 7. f4 {(00:14)} Qc7 {(23:44)} 8. a4
{(00:44)} Nxe5 {(07:11)} 9. fxe5 {(00:36)} Nd7 {(
00:04)} 10. Qe2 {(04:04)} b6 {(06:43)} 11. Na3 {(01:56)}
Bb7 {(04:03)} 12. Nc4 {(02:49)} Be7 {(01:25)} 13. Qg4 {
(04:32)} O-O {(08:13)} 14. Bd3 {(02:01)} Qc6 {(01:
17)} 15. O-O {(07:34)} f5 {(06:40)} 16. exf6 {(02:37)}
Bxf6 {(00:03)} 17. Qh3 {(02:09)} g6 {(01:50)} 18. Bxf6 {
(03:33)} Rxf6 {(00:19)} 19. Rxf6 {(03:28)} Nxf6 {(
00:15)} 20. Re1 {(01:58)} Re8 {(01:38)} 21. Qg3 {(17:19)}
Nh5 {(07:55)} 22. Qg4 {(00:40)} Qd5 {(00:36)} 23. Re5 {
(07:17)} Qd4+ {(04:21)} 24. Qxd4 {(01:35)} cxd4 {(
00:06)} 25. Nd6 {(00:30)} Re7 {(00:20)} 26. Nxb7 {(01:03)}
Rxb7 {(00:05)} 27. Rxe6 {(02:40)} Nf4 {(00:58)} 28. Re8+ {
(03:42)} Kf7 {(00:56)} 29. Bb5 {(00:30)} d3 {(06:
54)} 30. cxd3 {(02:10)} Nxd3 {(00:52)} 31. Re3 {(01:36)}
Nc5 {(00:17)} 32. d4 {(02:07)} Nd7 {(00:21)} 33. d5 {
(02:48)} Kf6 {(00:59)} 34. Ba6 {(04:52)} Rb8 {(00:
42)} 35. Re6+ {(00:17)} Kf7 {(01:09)} 36. Rc6 {(00:21)}
Ke7 {(05:03)} 37. Rc7 {(01:56)} Kd6 {(00:03)} 38. Rxa7 {
(00:10)} Nf6 {(00:20)} 39. Bc4 {(01:26)} Rc8 {(00:
45)} 40. Rb7 {(00:00)} Kc5 {(00:00)} 41. h3 {(07:36] Kxd5}
1-0

[Event "42nd Olympiad Baku 2016 Open"]
[Site "Baku"]
[Date "2016.09.06"]
[Round "5.31"]
[White "Tin, Jingyao"]
[Black "Banikas, Hristos"]
[Result "1/2-1/2"]
[ECO "A62"]
[WhiteElo "2439"]
[BlackElo "2571"]
[Annotator ""]
[PlyCount "136"]
[EventDate "2016.??.??"]
[EventType "team-tourn"]
[EventCountry "AZE"]
[SourceTitle "playchess.com"]
[Source "ChessBase"]
[WhiteTeam "Singapore"]
[BlackTeam "Greece"]
[WhiteTeamCountry "SIN"]
[BlackTeamCountry "GRE"]
[TimeControl "40/5400+30:1800+30"]

1. d4 {(00:00)} Nf6 {(00:00)} 2. c4 {(00:00)} g6 {(
00:00)} 3. Nc3 {(00:00)} Bg7 {(00:06)} 4. Nf3 {(00:00)}
O-O {(00:07)} 5. g3 {(00:06)} c5 {(00:11)} 6. d5 {(
05:46)} e6 {(00:11)} 7. Bg2 {(00:10)} exd5 {(00:07)} 8.
cxd5 {(00:06)} d6 {(00:06)} 9. O-O {(00:06)} Re8 {(
01:01)} 10. Bf4 {(00:13)} Ne4 {(15:07)} 11. Nxe4 {(03:12)}
Rxe4 {(00:05)} 12. Nd2 {(00:06)} Rxf4 {(02:54)} 13. gxf4 {
(00:49)} Bxb2 {(00:03)} 14. Rb1 {(00:06)} Bg7 {(00:
05)} 15. Re1 {(06:59)} Nd7 {(02:39)} 16. Qb3 {(21:04)} Nf6
{(19:53)} 17. Nf1 {(09:20)} Rb8 {(03:00)} 18. a4 {(
09:29)} Bd7 {(03:22)} 19. Ng3 {(10:33)} Qa5 {(02:25)} 20.
e4 {(07:09)} Bxa4 {(00:20)} 21. Qa2 {(02:24)} Nd7 {
(02:44)} 22. Bh3 {(06:13)} Nb6 {(09:04)} 23. e5 {(
01:49)} c4 {(00:09)} 24. exd6 {(03:59)} c3 {(24:57)} 25.
d7 {(08:41)} c2 {(00:05)} 26. Rbc1 {(01:10)} Qb5 {(
00:25)} 27. Rxc2 {(01:11)} Bxc2 {(11:00)} 28. Qxc2 {(00:
06)} Rf8 {(00:09)} 29. Rb1 {(02:41)} Qa5 {(00:44)} 30. d6
{(00:19)} Nd5 {(00:59)} 31. Qc4 {(00:53)} Bf6 {(00:
58)} 32. Rxb7 {(00:31)} Qe1+ {(00:47)} 33. Bf1 {(00:20)}
Nb6 {(00:12)} 34. Qe4 {(00:48)} Qd2 {(00:41)} 35. Rxa7 {
(00:38)} Qxd6 {(01:11)} 36. Qe8 {(00:28)} Qxf4 {(
00:41)} 37. Rb7 {(00:30)} Nxd7 {(01:17)} 38. Qxd7 {(00:21]
} Bd4 {(00:07)} 39. Nh1 {(00:34)} Qg5+ {(00:39)} 40. Ng3 {
(00:00)} Qf4 {(00:00)} 41. Kg2 {(13:23)} Qxf2+ {(
00:08)} 42. Kh3 {(00:04)} Be5 {(00:19)} 43. Bc4 {(01:12)}
h5 {(05:30)} 44. Qd5 {(06:25)} Bg7 {(08:08)} 45. Rb3 {
(02:23)} Qf4 {(11:48)} 46. Qe4 {(00:32)} Qxe4 {(02:
52)} 47. Nxe4 {(00:04)} Be5 {(00:08)} 48. Ng5 {(01:22)}
Bf4 {(01:14)} 49. Nxf7 {(07:18)} Kg7 {(00:03)} 50. Rb7 {
(00:08)} Kf6 {(00:04)} 51. Rb6+ {(00:19)} Kg7 {(00:
06)} 52. Nd6 {(01:12)} g5 {(02:25)} 53. Ne4 {(01:39)} g4+
{(00:09)} 54. Kg2 {(00:32)} Rb8 {(01:46)} 55. Rxb8 {
(01:08)} Bxb8 {(00:05)} 56. Be6 {(00:07)} Be5 {(00:
53)} 57. Bd7 {(00:06)} Kg6 {(00:34)} 58. Be8+ {(01:30)}
Kf5 {(00:46)} 59. Nf2 {(00:30)} Kg5 {(00:09)} 60. Bd7 {
(00:19)} Bb8 {(01:55)} 61. Ne4+ {(00:17)} Kf4 {(00:
14)} 62. Nf6 {(00:48)} Kg5 {(00:08)} 63. Nd5 {(00:30)} h4
{(00:54)} 64. Nc3 {(00:16)} h3+ {(00:06)} 65. Kg1 {
(00:08)} g3 {(00:13)} 66. Ne4+ {(00:03)} Kh4 {(00:
04)} 67. Nxg3 {(00:34)} Bxg3 {(00:10)} 68. hxg3+ {(00:03)}
Kxg3 {(00:06)} 1/2-1/2